 Dungeon Crawl Stone Soup version 0.30.2 (webtiles) character file.

Game seed: 1704853709911742266

26 Nonny the Ducker (level 3, 0/27 HPs)
             Began as a Merfolk Gladiator on Apr 10, 2024.
             Slain by an adder (1 damage)
             ... on level 3 of the Dungeon.
             The game lasted 00:04:07 (428 turns).

Nonny the Ducker (Merfolk Gladiator)                 Turns: 428, Time: 00:04:08

Health: 0/27       AC:  4    Str: 12 (14) XL:     3   Next: 8%
Magic:  3/3        EV: 13    Int:  6 (7)  God:
Gold:   29         SH:  0    Dex: 14 (17) Spells: 2/2 levels left

rFire   . . .        a - +0 long sword
rCold   . . .        (no shield)
rNeg    . . .        b - +0 leather armour
rPois   .            c - +0 helmet
rElec   .            (no cloak)
rCorr   .            (no gloves)
SInv    .            (no boots)
Will    .....        (no amulet)
Stlth   ++           (no ring)
HPRegen 0.24/turn    (no ring)
MPRegen 0.08/turn

%: no passive effects
@: mighty
A: (nimble swimmer 2), mertail
a: no special abilities


You were on level 3 of the Dungeon.
You visited 1 branch of the dungeon, and saw 3 of its levels.

You collected 29 gold pieces.

Inventory:

Hand Weapons
 a - a +0 long sword (weapon)
Missiles
 d - 3 throwing nets
 e - a javelin
 h - 18 stones (quivered)
 k - 6 boomerangs
Armour
 b - a +0 leather armour (worn)
 c - a +0 helmet (worn)
Scrolls
 i - 3 scrolls of teleportation {unknown}
 j - 2 scrolls of identify {unknown}


   Skills:
 - Level 2.1 Fighting
 + Level 4.3 Long Blades
 - Level 2.0 Throwing
 + Level 4.6 Dodging
 * Level 1.2 Stealth


You had 2 spell levels left.
You didn't know any spells.
Your spell library was empty.

Dungeon Overview and Level Annotations

Branches:
Dungeon (3/15)

Altars:
Ashenzari
Nemelex Xobeh


Innate Abilities, Weirdness & Mutations

((You are very nimble when in or above water. (Stealth+, EV+, Speed+++)))
Your lower body shifts to a powerful aquatic tail in water.


Message History

The adder is severely wounded.
You feel sick. The adder barely misses you. x2
You miss the adder.
The adder is severely wounded.
You feel sick. The adder bites you.
You are more poisoned.
The adder poisons you!
You miss the adder.
The adder is severely wounded.
* * * LOW HITPOINT WARNING * * *
You feel sick. The adder completely misses you. The adder barely misses you.
You miss the adder.
The adder is severely wounded.
* * * LOW HITPOINT WARNING * * *
You feel sick. The adder bites you.
* * * LOW HITPOINT WARNING * * *
The adder bites you but does no damage.
You closely miss the adder. You punch the adder.
The adder is severely wounded.
* * * LOW HITPOINT WARNING * * *
You feel sick. The adder barely misses you.
It was a potion of degeneration.
There was something very wrong with that liquid.
You feel weakened.
You feel dopey.
You feel clumsy.
* * * LOW HITPOINT WARNING * * *
You feel sick. The adder closely misses you.
It was a potion of might.
You feel very mighty all of a sudden.
* * * LOW HITPOINT WARNING * * *
You feel sick. The adder barely misses you. The adder completely misses you.
You barely miss the adder.
The adder is severely wounded.
* * * LOW HITPOINT WARNING * * *
You feel sick.
You are no longer poisoned.
The adder barely misses you.
You miss the adder.
The adder is severely wounded.
The adder bites you.
You die...

## #.#.[#
.#####.
#...##
.......
##.##
..##.#.
#.# ..#
#.# .##
#.# .###.
#.# .....
#.# #.##.
#@# .#
.....gS.#
≈≈≈...###
≈≈≈≈..
._≈≈.
≈≈≈≈.
≈≈≈. ....


You could see an adder and a goblin.

Vanquished Creatures
  2 ball pythons (D:1)
  4 bats
  2 endoplasms
  2 giant cockroaches (D:1)
  2 goblins (D:1)
  4 hobgoblins
  A quokka (D:3)
  2 frilled lizards (D:1)
  2 kobolds
  A rat (D:3)
22 creatures vanquished.

Notes
Turn   | Place    | Note
-------+----------+-------------------------------------------
     0 | D:1      | Nonny the Merfolk Gladiator began the quest for the Orb.
     0 | D:1      | Reached XP level 1. HP: 16/16 MP: 1/1
   114 | D:1      | Reached XP level 2. HP: 17/22 MP: 2/2
   145 | D:1      | Reached skill level 1 in Stealth
   208 | D:1      | Simple vault in west. Contains various enemies and items.
   292 | D:3      | Found a broken altar of Ashenzari.
   372 | D:3      | Reached XP level 3. HP: 27/27 MP: 3/3
   409 | D:3      | Found a sparkling altar of Nemelex Xobeh.
   427 | D:3      | HP: 1/27 [poisoned by an adder]
   428 | D:3      | Slain by an adder

Illustrated notes

#########)........'.†......
#............######........
#..............#.##......##
#...........#..#.........#
#.......#...#.#....#####.#
#.......#.#...#....# #.#
#.........#..#.....# #.##
#....##.#....#.....# #...
#.........@.#.....'# #..#
#.....##....#.....## #..#
#.#...............# #..#
#.#.##...##.#†....# #..#
#......##..)..##### #..#
#.#..##.........# #...
#.###...........#########.#
#.#.......#.'...........#.#
##'#######.###...#######.#.#


Turn 208 on D:1: Simple vault in west. Contains various enemies and items.

Levels and vault maps discovered:
D:1:      dpeg_arrival_fog, layout_basic, hangedman_decor_peaks_small
D:2:      layout_basic, serial_forest, infiniplex_forest_straight_2,
          infiniplex_forest_end_1, infiniplex_forest_clump_C,
          infiniplex_forest_clump_long, infiniplex_forest_zigzag_1,
          infiniplex_forest_lined_2, infiniplex_forest_clump_tiny,
          dk_noncrumbling_3
D:3:      layout_loops_cross, mainiacjoe_overflow_catwalk, lemuel_crystal_altar

Skill      XL: |  1  2 |
---------------+-------+-----
Long Blades    | 4 |  4.3
Stealth        | 1 |  1.2
Fighting       | |  2.1
Throwing       | |  2.0
Dodging        | |  4.6

Action                     || total
---------------------------++-------
  Melee: Long sword        ||    75
         Punch             ||     2
    Use: Potion            ||     2
   Stab: Sleeping          ||     2
 Armour: Leather armour    ||    20
  Dodge: Dodged            ||    80
